 Dungeon Sprint DCSS version 0.21.1-1-g345015fe64 (webtiles) character file.

4281 AAA992 the Brawler (level 10, -2/183 HPs)
             Began as a Troll Berserker on July 17, 2018.
             Was a High Priest of Trog.
             Slain by a deep troll (16 damage)
             ... in the Dungeon (Sprint I: "Red Sonja").
             The game lasted 00:03:36 (1052 turns).

AAA992 the Brawler (Troll Berserker)                Turns: 1052, Time: 00:03:37

Health: -2/183     AC:  1    Str: 35    XL:     10   Next: 10%
Magic:  9/9        EV: 10    Int:  3    God:    Trog [*****.]
Gold:   1100       SH:  0    Dex:  9    Spells: 9/9 levels left

rFire    . . .     SeeInvis .     - Unarmed
rCold    . . .     Gourm    +   (no shield)
rNeg     . . .     Faith    .   a - +0 animal skin
rPois    .         Spirit   .   (helmet restricted)
rElec    .         Reflect  .   (no cloak)
rCorr    .         Harm     .   (gloves unavailable)
MR       .....     NoTele   +   (boots unavailable)
Stlth    ..........             (no amulet)
HPRegen  0.80/turn              (no ring)
MPRegen  0.11/turn              (no ring)

@: berserking, corroded, slow
A: large, unfitting armour, claws 3, fast metabolism 3, gourmand, regeneration
1, shaggy fur 1, tough skin 2
a: Berserk, Trog's Hand, Brothers in Arms, Burn Spellbooks, Renounce Religion


You were in the Dungeon.
You worshipped Trog.
Trog was extremely pleased with you.
You were near starving.

You visited 1 branch You collected 1100 gold pieces.

Inventory:

Armour
 a - a +0 animal skin (worn)
Scrolls
 h - a scroll of blinking
Potions
 d - a potion of heal wounds
 e - a potion of haste
 f - 2 potions of magic
 g - a potion of berserk rage
Comestibles
 b - 3 rations


   Skills:
 + Level 14.0 Fighting
 - Level 2.4 Dodging
 + Level 16.2 Unarmed Combat


You had 9 spell levels left.
You didn't know any spells.

Dungeon Overview and Level Annotations

Branches:
Dungeon (1/1)

Altars:
Cheibriados
Dithmenos
Elyvilon
Fedhas
Gozag
Hepliaklqana
Kikubaaqudgha
Makhleb
Nemelex Xobeh
Okawaru
Qazlal
Ru
Sif Muna
Trog
Uskayaw
Vehumet
Wu Jian
Xom
Yredelemnul
Zin
The Shining One
Jiyva
Lugonu

Shops:
D (*?[[!:?**!:?(:


Innate Abilities, Weirdness & Mutations

You are too large for most types of armour.
You have claws for hands.
Your metabolism is lightning-fast.
You like to eat raw meat.
Your natural rate of healing is unusually fast.
You are covered in fur. (AC +1)
You have very tough skin. (AC +2)


Message History

You are too injured to fight recklessly!
You are too injured to fight recklessly!
A deep troll is nearby!
A deep troll is nearby!
You mangle the deep troll!!
The deep troll is moderately wounded.
You claw the deep troll!
The deep troll is heavily wounded.
The deep troll bites you!!
* * * LOW HITPOINT WARNING * * *
The deep troll claws you!
* * * LOW HITPOINT WARNING * * *
The deep troll closely misses you.
A red film seems to cover your vision as you go berserk!
You feel yourself moving faster!
You feel mighty!
You are near starving!
The deep troll bites you!
* * * LOW HITPOINT WARNING * * *
The deep troll claws you!
You die...

#####################
<.#..').#.)'..#__#..+
..').#..'..#..'..'..#
..#####'#####'#__####
..####..#...#(####§(####
..#__####..##.#§§§§§#§.#
..#_____##'#_.§§§§§.§..#
⌠⌠#_.∩...'..._#§@§§§#..#
###_..__##_.#'##T#####'###
#_____###+#)#.!(§# #.'.#
####### ####.### ###.# $.$
#.# ##########.#
#.......##§# #.....§§.'.#
#''.######§#


You could see a deep troll.

Vanquished Creatures
  2 centaur warriors (D)
  An unseen horror (D)
  An oklob plant (D)
  A slime creature (D)
  A hornet (D)
  Sigmund (D)
  2 redbacks (D)
  A yak (D)
  A floating eye (D)
  4 necrophages (D)
  An ogre (D)
  7 jellies (D)
  Ijyb (D)
24 creatures vanquished.

Vanquished Creatures (collateral kills)
  An unseen horror (D)
  2 necrophages (D)
  A jelly (D)
4 creatures vanquished.

Grand Total: 28 creatures vanquished

Notes
Turn   | Place    | Note
-------+----------+-------------------------------------------
     0 | D        | AAA992 the Troll Berserker began the quest for the Orb.
     0 | D        | Reached XP level 1. HP: 22/22 MP: 0/0
     2 | D        | Noticed Ijyb
     8 | D        | Killed Ijyb
     8 | D        | Reached skill level 5 in Unarmed Combat
     8 | D        | Reached XP level 2. HP: 25/32 MP: 1/1
    21 | D        | Noticed an ogre
    26 | D        | Killed an ogre
    26 | D        | Reached skill level 5 in Fighting
    26 | D        | Reached skill level 7 in Unarmed Combat
    26 | D        | Reached XP level 3. HP: 26/44 MP: 2/2
    26 | D        | Reached XP level 4. HP: 31/52 MP: 3/3
    64 | D        | Noticed Sigmund
    93 | D        | Killed Sigmund
    93 | D        | Reached ** piety under Trog
    93 | D        | Reached skill level 9 in Unarmed Combat
    93 | D        | Reached XP level 5. HP: 6/63 MP: 4/4
   198 | D        | Found an ornate altar of the Wu Jian Council.
   198 | D        | Found a deep blue altar of Sif Muna.
   200 | D        | Found a radiant altar of Vehumet.
   205 | D        | Reached XP level 6. HP: 51/72 MP: 5/5
   269 | D        | Found Ripar's Antique Weapon Emporium.
   269 | D        | Found an ancient bone altar of Kikubaaqudgha.
   269 | D        | Found a hazy altar of Hepliaklqana.
   269 | D        | Found a stormy altar of Qazlal.
   269 | D        | Found a hide-covered altar of Uskayaw.
   269 | D        | Found a blossoming altar of Fedhas.
   269 | D        | Found a bloodstained altar of Trog.
   269 | D        | Found an iron altar of Okawaru.
   269 | D        | Found a basalt altar of Yredelemnul.
   269 | D        | Found a glowing golden altar of the Shining One.
   269 | D        | Found a snail-covered altar of Cheibriados.
   269 | D        | Found a sacrificial altar of Ru.
   269 | D        | Found a glowing silver altar of Zin.
   269 | D        | Found a shadowy altar of Dithmenos.
   269 | D        | Found a white marble altar of Elyvilon.
   269 | D        | Noticed a yak
   277 | D        | Killed a yak
   277 | D        | Reached skill level 10 in Unarmed Combat
   278 | D        | Found an opulent altar of Gozag.
   281 | D        | Found a sparkling altar of Nemelex Xobeh.
   335 | D        | Found a burning altar of Makhleb.
   335 | D        | Found a viscous altar of Jiyva.
   335 | D        | Found a shimmering altar of Xom.
   335 | D        | Found a corrupted altar of Lugonu.
   335 | D        | Noticed a slime creature
   340 | D        | Killed a slime creature
   340 | D        | Reached *** piety under Trog
   340 | D        | Reached skill level 11 in Unarmed Combat
   340 | D        | Reached XP level 7. HP: 75/84 MP: 6/6
   378 | D        | Noticed a centaur warrior
   380 | D        | Noticed a centaur warrior
   384 | D        | Killed a centaur warrior
   384 | D        | Reached skill level 13 in Unarmed Combat
   384 | D        | Reached XP level 8. HP: 78/97 MP: 7/7
   390 | D        | Killed a centaur warrior
   390 | D        | Reached skill level 14 in Unarmed Combat
   500 | D        | Noticed a hornet
   505 | D        | Paralysed by a hornet for 2 turns
   509 | D        | Killed a hornet
   509 | D        | Reached XP level 9. HP: 31/106 MP: 8/8
   616 | D        | Noticed an oklob plant
   623 | D        | Killed an oklob plant
   623 | D        | Reached **** piety under Trog
   672 | D        | Reached skill level 15 in Unarmed Combat
   741 | D        | Killed an unseen horror
   744 | D        | Reached ***** piety under Trog
   747 | D        | Found Xeid's Magic Scroll Boutique.
   747 | D        | Found Zujum's Book Emporium.
   747 | D        | Found Taet's Weapon Emporium.
   749 | D        | Found Veagipto's Book Boutique.
   749 | D        | Found Joahunec's Distillery.
   749 | D        | Found Fots's General Store.
   749 | D        | Found Afes's General Store.
   749 | D        | Found Utuschy's Magic Scroll Boutique.
   749 | D        | Found Tiss's Book Shoppe.
   749 | D        | Found Mara's Distillery.
   751 | D        | Found Gifebbul's Antique Armour Emporium.
   752 | D        | Found Eshraschie's Antique Armour Boutique.
   752 | D        | Found Pophof's Magic Scroll Shoppe.
   753 | D        | Found Muunkoku's Assorted Antiques.
   757 | D        | Killed an unseen horror
   810 | D        | Reached XP level 10. HP: 46/120 MP: 9/9
   816 | D        | Reached skill level 16 in Unarmed Combat
   968 | D        | Received a gift from Trog
  1045 | D        | Noticed a deep troll
  1052 | D        | Slain by a deep troll

Skill      XL: |  1  2  3  4  5  6  7  8  9 10 |
---------------+-------------------------------+-----
Fighting       | 4 5 7 8 9 11 12 13 14 | 14.0
Unarmed Combat | 5 7 9 11 13 14 15 16 | 16.2
Dodging        | |  2.4

Action                   |  1- 3 |  4- 6 |  7- 9 | 10-12 || total
-------------------------+-------+-------+-------+-------++-------
Melee: Unarmed           |     9 |    24 |    38 |    21 ||    92
       Punch             |       |     1 |       |     1 ||     2
Invok: Berserk           |       |       |     3 |     1 ||     4
       Brothers in Arms  |       |       |     2 |       ||     2
  Use: Scroll            |       |       |     2 |     2 ||     4
       Potion            |       |       |     1 |       ||     1
  Eat: Chunk             |       |     6 |     1 |       ||     7
       Ration            |       |       |     1 |       ||     1
Armor: Animal skin       |     1 |     1 |    14 |     6 ||    22
Dodge: Dodged            |     3 |    10 |    24 |     6 ||    43
